 Dungeon Crawl Stone Soup version 0.31-a0-214-gb37851dbb3 (webtiles) character file.

Game seed: 14365784888733017887

151 Ofeo the Conjurer (level 5, -5/44 HPs)
             Began as an Armataur Reaver on July 1, 2023.
             Slain by a gnoll
             ... wielding a +0 flail
              (8 damage)
             ... on level 3 of the Dungeon.
             The game lasted 00:01:49 (3007 turns).

Ofeo the Conjurer (Armataur Reaver)                 Turns: 3007, Time: 00:01:50

Health: -5/44      AC:  8    Str: 20    XL:     5   Next: 10%
Magic:  8/8        EV:  6    Int: 13    God:
Gold:   82         SH:  0    Dex:  8    Spells: 8/9 levels left

rFire   . . .        l - +0 quarterstaff
rCold   . . .        (shield currently unavailable)
rNeg    . . .        d - +0 chain mail
rPois   .            (no helmet)
rElec   .            (no cloak)
rCorr   .            g - +0 pair of gloves
SInv    .            (no barding)
Will    .....        (no amulet) Stlth
                     (no ring)
HPRegen 0.27/turn    (no ring)
MPRegen 0.11/turn

%: roll
@: attractive
A: large, rugged brown scales 3, deformed body, armoured tail, roll, long
tongue, awkward tongue
a: no special abilities


You were on level 3 of the Dungeon.
You visited 1 branch of the dungeon, and saw 3 of its levels.

You collected 82 gold pieces.

Inventory:

Hand Weapons
 a - a +0 hand axe
 l - a +0 quarterstaff (weapon)
Armour
 b - a +0 leather armour
 d - a +0 chain mail (worn)
 g - a +0 pair of gloves (worn)
Jewellery
 o - a +6 ring of dexterity
Scrolls
 e - 2 scrolls of poison {unknown}
 h - 2 scrolls of identify {unknown}
 j - 2 scrolls of teleportation {unknown}
 k - 3 scrolls of acquirement {unknown}
 n - a scroll of torment {unknown}
Potions
 f - a potion of enlightenment {unknown}
 i - a potion of berserk rage {unknown}
 m - a potion of curing {unknown}
 p - a potion of haste {unknown}


   Skills:
 + Level 2.6 Fighting
 + Level 3.0 Axes
 + Level 2.1 Dodging
 + Level 2.5 Spellcasting
 + Level 3.3 Conjurations


You had 8 spell levels left.
You knew the following spells:

 Your Spells              Type           Power      Damage    Failure   Level
a - Kiss of Death         Conj/Necr      24%        2d7       73%         1

Your spell library contained the following spells:

 Spells                   Type           Power      Damage    Failure   Level
 Momentum Strike          Conj/Tloc      12%        3d8       86%         2
 Sublimation of Blood     Necr           1%         N/A       97%         2
 Wereblood                Tmut           1%         N/A       97%         2
 Hailstorm                Conj/Ice       6%         3d4       97%         3
 Summon Forest            Summ/Tloc      0%         N/A       100%        5
 Eringya's Noxious Bog    Tmut/Pois      0%         N/A       100%        6
 Summon Hydra             Summ           0%         N/A       100%        7


Dungeon Overview and Level Annotations

Branches:
Dungeon (3/15)

Altars:
Hepliaklqana


Innate Abilities, Weirdness & Mutations

You are completely covered in rugged brown scales. (AC +3, +7% HP)
Armour fits poorly on your strangely shaped body.
You have a long armoured tail.
You roll when moving toward enemies. (Rampage)
Your long tongue fully drains potion bottles. (2x potion effects)
Your tongue gives you trouble enunciating. (1.5x scroll delay)


Message History

Done waiting.
You climb downwards.
There is a stone staircase leading up here.
The gnoll hits you but does no damage.
You roll towards the gnoll!
You thump the gnoll! You tail-slap the gnoll.
You kill the gnoll!
You hit the gnoll.
The gnoll is moderately wounded.
The gnoll hits you with a +0 flail.
You take 1 damage, and have 43/44 hp.
You closely miss the gnoll.
The gnoll is moderately wounded.
The gnoll completely misses you. The gnoll hits you with a +0 flail!
You take 8 damage, and have 35/44 hp.
You barely miss the gnoll.
The gnoll is moderately wounded.
The gnoll drinks a potion.
The gnoll seems to grow stronger.
You barely miss the gnoll.
The gnoll is moderately wounded.
The gnoll barely misses you.
You completely miss the gnoll. You tail-slap the gnoll!
The gnoll is almost dead.
The gnoll closely misses you.
You hit the gnoll but do no damage.
The gnoll is almost dead.
The gnoll hits you with a +0 flail. The gnoll hits you with a +0 flail!
You take 22 damage, and have 14/44 hp.
MASSIVE DAMAGE!!
It was a potion of attraction.
You feel attractive to monsters.
You slurp down every last drop of the potion of attraction!
The gnoll hits you but does no damage.
You closely miss the gnoll.
The gnoll is almost dead.
The gnoll hits you with a +0 flail!
* * * LOW HITPOINT WARNING * * *
You take 12 damage, and have 3/44 hp.
MASSIVE DAMAGE!!
You barely miss the gnoll.
The gnoll is almost dead.
The gnoll hits you with a +0 flail!
You die...

.....#).#####g#.#.#
........# #.#...#
#### .....#..###
#.#.#### #...
#....#....###.#....#
#.##
.....+.##.##....(#.#
###.##
#....####.##.....#.#
#...## .##.##
#.##.....#.# #.### .
#. #.######g#.#
#...# #..##..<@#.#
#.###
##.........#### #.#
## ####.#.#.....#
#.# #. #...+.....#
#.###. #####.....#
#.....
#.....##########.
#..........# #...
#######....# #.##
###..###[##


You could see a gnoll (strong).

Vanquished Creatures
  2 gnolls
  7 adders
  A worm (D:2)
  4 dart slugs
  An orc (D:3)
  3 endoplasms
  A giant cockroach (D:1)
  5 hobgoblins
  7 jackals
  2 quokkas
  4 ball pythons
  3 bats
  2 frilled lizards
  8 goblins
  4 kobolds
  2 rats
56 creatures vanquished.

Notes
Turn   | Place    | Note
-------+----------+-------------------------------------------
     0 | D:1      | Ofeo the Armataur Reaver began the quest for the Orb.
     0 | D:1      | Reached XP level 1. HP: 18/18 MP: 3/3
   297 | D:1      | Reached XP level 2. HP: 22/25 MP: 4/4
   787 | D:2      | Reached XP level 3. HP: 22/31 MP: 6/6
  1088 | D:2      | Reached XP level 4. HP: 38/39 MP: 7/7
  1116 | D:2      | Found a hazy altar of Hepliaklqana.
  2811 | D:2      | Reached XP level 5. HP: 21/44 MP: 8/8
  3007 | D:3      | Slain by a gnoll

Illustrated notes

Levels and vault maps discovered:
D:1:      minmay_arrival_stair_chambers, layout_basic
D:2:      layout_basic, basic_altar
D:3:      layout_basic, minmay_misc_feat_hallway

Skill      XL: |  1  2  3  4 |
---------------+-------------+-----
Fighting       | 2 |  2.6
Spellcasting   | 2 |  2.5
Conjurations   | 3 |  3.3
Dodging        | 2 |  2.1
Axes           | 3 |  3.0

Action                     |  1- 3 |  4- 6 || total
---------------------------+-------+-------++-------
  Melee: Hand axe          |    91 |    25 ||   116
         Tailslap          |     6 |    11 ||    17
         Punch             |     1 |     2 ||     3
         Quarterstaff      |       |    70 ||    70
    Use: Potion            |       |     1 ||     1
 Armour: Leather armour    |     9 |       ||     9
         Chain mail        |    50 |    81 ||   131
  Dodge: Dodged            |    36 |    40 ||    76

Table legend: (Time is in decaauts)
 A = Elapsed time spent in this place.
 B = Non-inter-level travel time spent in this place.
 C = Inter-level travel time spent in this place.
 D = Time resting spent in this place.
 E = Time spent auto-exploring this place.
 F = Levels seen in this place.
 G = Mean time per level.
                   A        B        C        D        E       F      G
               +--------+--------+--------+--------+--------+-----+--------+
         Total |   3047 |   2997 |     50 |    253 |   2294 |   3 | 1015.7 |
       Dungeon |   3047 |   2997 |     50 |    253 |   2294 |   3 | 1015.7 |
               +--------+--------+--------+--------+--------+-----+--------+

Top non-repeatable levels by time:
     D:2: 1885 daAuts
     D:1: 731 daAuts
     D:3: 431 daAuts
